 Dungeon Crawl Stone Soup version 0.30-a0-297-g0ec75d9ef4 (webtiles) character file.

Game seed: 7683901915979300779

170 Lobster4 the Chiller (level 5, -2/38 HPs)
             Began as a Merfolk Ice Elementalist on Oct 19, 2022.
             Killed by divine providence
             ... invoked by an orc priest
              (14 damage)
             ... on level 3 of the Dungeon.
             The game lasted 00:08:04 (2756 turns).

Lobster4 the Chiller (Merfolk Ice Elementalist)     Turns: 2756, Time: 00:08:05

Health: -2/38      AC:  5    Str:  8    XL:     5   Next: 51%
Magic:  8/9        EV: 13    Int: 17    God:
Gold:   166        SH:  0    Dex: 14    Spells: 5/9 levels left

rFire   . . .      SeeInvis .    a - +0 spear
rCold   . . .      Faith    .    (no shield)
rNeg    . . .      Spirit   .    d - +0 robe
rPois   .          Reflect  .    (no helmet)
rElec   .          Harm     .    s - +0 cloak
rCorr   .          Rampage  .    u - +0 pair of gloves
Will    .....                    v - +0 pair of boots
Stlth   ++........               (no amulet)
HPRegen 0.26/turn                (no ring)
MPRegen 0.11/turn                (no ring)

@: no status effects
A: (nimble swimmer 2), mertail
a: no special abilities


You were on level 3 of the Dungeon.
You visited 1 branch of the dungeon, and saw 3 of its levels.

You collected 180 gold pieces.
You spent 14 gold pieces at shops.

Inventory:

Hand Weapons
 a - a +0 spear (weapon)
 e - a +0 dagger
 n - a +0 short sword
Missiles
 g - 12 poisoned darts (quivered)
Armour
 d - a +0 robe (worn)
 s - a +0 cloak (worn)
 t - a +0 ring mail
 u - a +0 pair of gloves (worn)
 v - a +0 pair of boots (worn)
Scrolls
 c - 4 scrolls of identify {unknown}
 f - a scroll of enchant weapon {unknown}
 h - a scroll of poison {unknown}
 l - 4 scrolls of teleportation {unknown}
 o - a scroll of blinking {unknown}
 r - a scroll of amnesia {unknown}
Potions
 i - 2 potions of degeneration {unknown}
 j - a potion of flight {unknown}
 k - a potion of heal wounds {unknown}
 m - a potion of invisibility {unknown}
 p - 3 potions of brilliance {unknown}
 q - 2 potions of ambrosia {unknown}
 w - 2 potions of curing {unknown}


   Skills:
 + Level 1.9 Fighting
 - Level 2.0 Polearms
 + Level 0.9 Armour
 - Level 3.0 Dodging
 - Level 3.0 Stealth
 + Level 2.8 Spellcasting
 * Level 5.3 Ice Magic


You had 5 spell levels left.
You knew the following spells:

 Your Spells              Type           Power      Damage    Failure   Level
a - Freeze                Ice            80%        1d9       1%          1
b - Frozen Ramparts       Ice            40%        1d7       6%          3

Your spell library contained the following spells:

 Spells                   Type           Power      Damage    Failure   Level
 Ozocubu's Armour         Ice            20%        N/A       6%          3
 Gell's Gravitas          Tloc           2%         N/A       47%         3
 Teleport Other           Tloc           2%         N/A       47%         3
 Summon Ice Beast         Ice/Summ       11%        N/A       52%         4
 Dispersal                Tloc           1%         N/A       100%        6


Dungeon Overview and Level Annotations

Branches:
Dungeon (3/15)

Altars:

Shops:
D:2 ?   D:3 *

Annotations:
D:3 Natasha


Innate Abilities, Weirdness & Mutations

((You are very nimble when in or above water. (Stealth+, EV+, Speed+++)))
Your lower body shifts to a powerful aquatic tail in water.


Message History

Casting: Freeze (safe; 1% risk of failure)
Confirm with . or Enter, or press ? or * to list all spells.
You don't have enough magic to cast this spell.
Casting: Freeze (safe; 1% risk of failure)
Confirm with . or Enter, or press ? or * to list all spells.
You don't have enough magic to cast this spell.
You hit the orc priest but do no damage.
The orc priest is lightly wounded.
The orc priest hits you with a +0 club.
* * * LOW HITPOINT WARNING * * *
You hit the orc priest but do no damage.
The orc priest is lightly wounded.
The orc priest barely misses you.
You hit the orc priest.
The orc priest is heavily wounded.
The orc priest barely misses you.
You hit the orc priest but do no damage.
You punch the orc priest, but do no damage.
The orc priest is heavily wounded.
The orc priest misses you. Magic courses through your body.
The orc priest hits you but does no damage.
Casting: Freeze (safe; 1% risk of failure)
Confirm with . or Enter, or press ? or * to list all spells.
Aiming: Freeze (safe; 1% risk of failure)
Press: ? - help, Shift-Dir - straight line, f/p - orc priest
Aim: an orc priest, wielding a +0 club and wearing a +0 chain mail (heavily wounded)
You freeze the orc priest.
The orc priest is severely wounded.
The orc priest completely misses you.
Casting: Freeze (safe; 1% risk of failure)
Confirm with . or Enter, or press ? or * to list all spells.
Aiming: Freeze (safe; 1% risk of failure)
Press: ? - help, Shift-Dir - straight line, f/p - orc priest
Aim: an orc priest, wielding a +0 club and wearing a +0 chain mail (severely wounded)
You freeze the orc priest.
The orc priest is almost dead.
The orc priest calls down the wrath of Beogh upon you.
Beogh smites you!
You die...

###.####..#.P..#
#.# #....._⌠# #.#
#8.#....### ###
#.# #..#...##<.
..# #.#
##8#...##.# #.#
#.#####.######.#
####.####
#.....### ..#
#.......# #######
#o# #.##.##.# #@#
##.##.##.#### #.#
#.......†....
#.####..##.##.####
#.......##.##.#
#.#####.......#
#..........####
############


You could see an orc priest.

Vanquished Creatures
  An orc priest (D:3)
  Natasha (twice) (D:3)
  3 adders
  A dart slug (D:3)
  2 orcs (D:3)
  5 ball pythons
  3 bats
  8 endoplasms
  6 giant cockroaches
  5 goblins
  5 hobgoblins
  3 kobolds
  3 quokkas
  4 frilled lizards
  7 rats
58 creatures vanquished.

Vanquished Creatures (others)
  8 plants
8 creatures vanquished.

Grand Total: 66 creatures vanquished

Notes
Turn   | Place    | Note
-------+----------+-------------------------------------------
     0 | D:1      | Lobster4 the Merfolk Ice Elementalist began the quest for
                  | the Orb.
     0 | D:1      | Reached XP level 1. HP: 13/13 MP: 3/3
   144 | D:1      | Reached XP level 2. HP: 20/20 MP: 5/5
   654 | D:1      | Reached skill level 1 in Fighting
   767 | D:2      | Reached XP level 3. HP: 22/26 MP: 2/6
  1082 | D:2      | Found Dyg Utoh's Magic Scroll Shoppe.
  1095 | D:2      | Bought a scroll of noise for 14 gold pieces
  1135 | D:2      | Learned a level 3 spell: Frozen Ramparts
  1720 | D:3      | Noticed Natasha
  1728 | D:3      | Killed Natasha
  1729 | D:3      | Reached skill level 1 in Polearms
  1729 | D:3      | Reached XP level 4. HP: 17/32 MP: 3/7
  1839 | D:3      | Found Ocaafomo's Assorted Antiques.
  1886 | D:3      | Reached skill level 5 in Ice Magic
  2277 | D:3      | Noticed Natasha
  2293 | D:3      | Killed Natasha
  2294 | D:3      | Reached XP level 5. HP: 25/38 MP: 2/8
  2311 | D:3      | Noticed Natasha
  2373 | D:3      | Found a faded altar of an unknown god.
  2756 | D:3      | Killed from afar by an orc priest

Illustrated notes

Levels and vault maps discovered:
D:1:      minmay_arrival_four_loops, layout_loops_ring, serial_bayou_ford_a,
          minmay_ruptured
D:2:      layout_basic, serial_shops, nicolae_shop_window_shopping, minivault_27
D:3:      layout_loops_ring, chequers_ecumenical_altar_lobes, serial_shops,
          nicolae_shop_overgrown_old_shop, uniq_natasha

Skill      XL: |  1  2  3  4  5 |
---------------+----------------+-----
Dodging        | 3 |  3.0
Fighting       | 1 |  1.9
Polearms       | 1 2 |  2.0
Stealth        | 3 |  3.0
Ice Magic      | 5 |  5.3
Armour         | |  0.9
Spellcasting   | |  2.8

Action                   |  1- 3 |  4- 6 || total
-------------------------+-------+-------++-------
Melee: Short sword       |    25 |       ||    25
       Spear             |    65 |    83 ||   148
       Tailslap          |     4 |       ||     4
       Punch             |       |     1 ||     1
 Cast: Freeze            |     8 |    33 ||    41
  Use: Potion            |       |     1 ||     1
 Stab: Sleeping          |    10 |     9 ||    19
       Distracted        |       |     1 ||     1
Armor: Robe              |    13 |    23 ||    36
Dodge: Dodged            |    36 |    54 ||    90

Table legend: (Time is in decaauts)
 A = Elapsed time spent in this place.
 B = Non-inter-level travel time spent in this place.
 C = Inter-level travel time spent in this place.
 D = Time resting spent in this place.
 E = Time spent auto-exploring this place.
 F = Levels seen in this place.
 G = Mean time per level.
                   A        B        C        D        E       F      G
               +--------+--------+--------+--------+--------+-----+--------+
         Total |   2759 |   2717 |     42 |    123 |   2024 |   3 |  919.7 |
       Dungeon |   2759 |   2717 |     42 |    123 |   2024 |   3 |  919.7 |
               +--------+--------+--------+--------+--------+-----+--------+

Top non-repeatable levels by time:
     D:2: 1033 daAuts
     D:3: 991 daAuts
     D:1: 733 daAuts
